 Dungeon Crawl Stone Soup version 0.30-b1-2-g02819fbbbe (webtiles) character file.

Game seed: 16763126397125475869

147035 LLlMATKO the Severer (level 16, -5/232 HPs)
             Began as a Minotaur Berserker on Aug 11, 2023.
             Was an Elder of Trog.
             Succumbed to a swamp dragon's poison gas
             ... on level 4 of the Swamp.
             The game lasted 00:38:28 (34068 turns).

LLlMATKO the Severer (Minotaur Berserker)          Turns: 34068, Time: 00:38:29

Health: -5/232     AC: 24    Str: 34    XL:     16   Next: 91%
Magic:  0/15       EV: 11    Int: 10    God:    Trog [****..]
Gold:   2604       SH:  0    Dex:  7    Spells: 15/15 levels left

rFire   + . .        z - +2 broad axe (freeze)
rCold   + + +        j - +0 tower shield {rC+}
rNeg    . . .        J - +3 plate armour {rF+}
rPois   .            (helmet restricted)
rElec   +            l - scarf {rC+ rF+}
rCorr   .            Z - +0 pair of gloves
SInv    .            t - +0 pair of boots
Will    +++++        T - amulet of guardian spirit Stlth
                     E - ring "Gorch" {Will+++ Int+6 Dex-4}
HPRegen 1.58/turn    L - ring of Spite {Ice rElec Str+5}
MPRegen 0.14/turn

%: guardian spirit
@: confused, berserking, lethally poisoned (-5 -> -51), strong-willed,
regenerating, very quick
A: horns 2, retaliatory headbutt
a: Renounce Religion, Berserk, Trog's Hand, Brothers in Arms


You were on level 4 of the Swamp.
You worshipped Trog.
Trog was greatly pleased with you.
You visited 4 branches of the dungeon, and saw 26 of its levels.
You also visited: Ice Cave.

You collected 2604 gold pieces.

Inventory:

Hand Weapons
 b - a +0 hand axe of electrocution
 n - a +6 antimagic hand axe
 z - a +2 broad axe of freezing (weapon)
 P - a +2 war axe
 Q - a +2 hand axe of freezing
Armour
 j - a +0 tower shield of cold resistance (worn)
 l - a scarf of resistance (worn)
 t - a +0 pair of boots (worn)
 I - a +2 cloak of preservation
 J - a +3 plate armour of fire resistance (worn)
 Z - a +0 pair of gloves (worn)
Jewellery
 k - an amulet of the acrobat
 x - a ring of resist corrosion
 y - an amulet of reflection
 D - a ring of protection from fire
 E - the ring "Gorch" (left hand) {Will+++ Int+6 Dex-4}
   (You found it on level 6 of the Dungeon)

   [ring of intelligence]

   Int:       It affects your intelligence (+6).
   Dex:       It affects your dexterity (-4).
   Will:      It greatly increases your willpower.
 K - an amulet of regeneration
 L - the ring of Spite (right hand) {Ice rElec Str+5}
   (You found it on level 9 of the Dungeon)

   [ring of ice]

   It enhances your ice magic.
   Str:       It affects your strength (+5).
   rF:        It makes you vulnerable to fire.
   rC:        It protects you from cold.
   rElec:     It insulates you from electricity.
 R - a +4 ring of slaying
 T - an amulet of guardian spirit (around neck)
 U - a ring of positive energy
 V - a ring of ice
Wands
 v - a wand of light (27)
 w - a wand of paralysis (8)
 B - a wand of mindburst (28)
 G - a wand of polymorph (8)
 M - a wand of roots (57)
 S - a wand of flame (48)
Scrolls
 a - 3 scrolls of enchant weapon
 d - 4 scrolls of blinking
 f - 13 scrolls of teleportation
 g - 5 scrolls of enchant armour
 o - 3 scrolls of silence
 p - 5 scrolls of identify
 q - 7 scrolls of fear
 s - 2 scrolls of magic mapping
 A - 3 scrolls of fog
 X - 6 scrolls of poison
Potions
 c - 9 potions of flight
 e - 6 potions of might
 h - 7 potions of heal wounds
 i - 15 potions of curing
 m - 2 potions of resistance
 r - 5 potions of haste
 u - a potion of berserk rage
 C - a potion of cancellation
 F - a potion of ambrosia
 N - 5 potions of magic {unknown}
 W - 3 potions of invisibility {unknown}


   Skills:
 + Level 17.5 Fighting
 + Level 17.5 Axes
 + Level 17.3 Armour
 + Level 16.0 Dodging
 + Level 14.2 Shields


You had 15 spell levels left.
You didn't know any spells.
Your spell library was empty.

Dungeon Overview and Level Annotations

Branches:
Dungeon (15/15)            Temple (0/1) D:7            Lair (5/5) D:11
  Swamp (4/4) Lair:3       Spider (0/4) Lair:2        Slime (0/5) Lair:4
    Orc (2/2) D:11            Elf (0/3) Orc:2        Vaults (0/5) D:13
 Depths (0/4) D:15          IceCv (visited)

Altars:
Dithmenos
Fedhas
Gozag
Hepliaklqana
Kikubaaqudgha
Makhleb
Ru
Sif Muna
Trog
Xom
Zin
The Shining One
Jiyva

Shops:
D:2 ([*(   D:5 !   D:12 :[=   Orc:2 (=***


Innate Abilities, Weirdness & Mutations

You have a pair of horns on your head.
You reflexively headbutt those who attack you in melee.


Message History

Unknown command.
You slash the swamp dragon! You freeze the swamp dragon.
The swamp dragon is almost dead.
You hit the swamp dragon. You freeze the swamp dragon.
You slice the swamp drake!! You freeze the swamp drake.
You kill the swamp drake!
Trog accepts your kill.
You are engulfed in noxious fumes.
You choke on the stench!
You are confused.
* * * LOW HITPOINT WARNING * * *
You feel extremely sick.
The swamp dragon breathes poison at you.
The blast of poison engulfs you but does no damage.
You are more poisoned.
The swamp dragon bites you!
* * * LOW HITPOINT WARNING * * *
The swamp dragon misses you. The swamp dragon closely misses you.
You're too confused to move!
You are engulfed in noxious fumes.
You choke on the stench!
You are more confused.
* * * LOW HITPOINT WARNING * * *
You feel extremely sick. The swamp dragon bites you.
* * * LOW HITPOINT WARNING * * *
The swamp dragon claws you but does no damage.
The swamp dragon tramples you but does no damage.
The swamp drake bites you but does no damage.
The swamp dragon bites you.
* * * LOW HITPOINT WARNING * * *
The swamp dragon claws you but does no damage.
The swamp dragon tramples you.
* * * LOW HITPOINT WARNING * * *
You are shoved backwards!
You barely miss the swamp dragon.
The swamp dragon is almost dead.
You hit the swamp dragon. You freeze the swamp dragon.
You are engulfed in poison gas.
You are more poisoned.
* * * LOW HITPOINT WARNING * * *
You die...

♣♣.~....♣~.~.....♣♣♣
♣....~...§.^...~..♣♣
♣...~.~~.~~~.~~~..~♣
**♣♣♣...~..§~~~.~~[...♣♣
**,♣.~~.(.....~..~.~..♣♣♣ ♣
*****~.....♣.(~~.....♣.♣...~♣♣♣
**,*~*,.....~!○.○°.~..♣..)<..†§.
*,,~~,~~......○○○k°..~...~....~~
**,,,~,§~.~~§..@D°°.~~.♣♣~~♣♣~..
**,,,,.♣♣~.♣♣.○DDD°~♣♣♣♣♣♣♣♣♣♣~
*,,~~~,*♣♣♣*♣♣♣♣~.°♣♣ ***** ♣♣
**,,,******* *DD~# **,,,* ♣
***** *,,,** *~..# **~,~,** ♣
***~~,~****.≈~#**~,~~~,* ♣
*~~,~,,,**,~♣.≈***~~~,~* ♣
**,,~,,**,,≈♣≈..***,~,***♣
**~,,**~~*****^~***,~* *,


You could see a six-headed hydra, a five-headed hydra, 4 swamp dragons and a
swamp drake.

Vanquished Creatures
  Jorgrun (D:13)
  Frances (D:13)
  A thorn hunter (Swamp:3)
  A reaper (IceCv)
  Nessos (D:14)
  9 eleionomae
  3 bunyips
  An ettin (Orc:2)
  A shambling mangrove (Swamp:2)
  4 vault guards (D:13)
  Fannar (Lair:1)
  The ghost of diceflayer the Fighter, a novice DsHu of Okawaru (D:7)
  11 hydras
  4 catoblepae
  10 centaur warriors
  A death knight (D:14)
  A boulder beetle (D:15)
  4 ghost crabs
  7 alligators
  5 two-headed ogres
  3 death yaks (Lair:4)
  A tengu warrior (D:13)
  An orc high priest (Orc:2)
  A skeletal warrior (D:14)
  7 spriggans
  4 goliath frogs
  5 swamp dragons
  A glowing orange brain (D:15)
  5 bog bodies
  5 spriggan druids
  2 phantasmal warriors (D:14)
  A harpy (D:10)
  A lindwurm (Lair:5)
  A wizard (D:13)
  5 orc knights
  3 deep elf pyromancers
  15 ugly things
  4 orc sorcerers (Orc:2)
  4 cyclopes
  2 will-o-the-wisps
  13 elephants
  3 black mambas
  An ice statue (IceCv)
  Maggie (D:9)
  3 gargoyles
  17 cane toads
  3 unseen horrors (D:11)
  11 komodo dragons
  A yaktaur (D:15)
  3 efreet (D:15)
  4 rime drakes
  An anaconda simulacrum (IceCv)
  2 tengu conjurers
  5 polar bears
  A polar bear (shapeshifter) (D:13)
  7 trolls
  7 tyrant leeches
  A meliai (Lair:2)
  9 hornets
  5 dream sheep (Lair:4)
  23 blink frogs
  18 slime creatures
  A centaur simulacrum (D:15)
  7 shadows
  5 wraiths
  A dire elephant simulacrum (IceCv)
  66 yaks
  2 wyverns
  A vampire (D:8)
  5 basilisks
  A golden eye (shapeshifter) (D:13)
  7 humans (D:13)
  3 steam dragons
  A death yak simulacrum (IceCv)
  9 vampire mosquitoes
  7 wargs
  A harpy simulacrum (IceCv)
  3 acid dragons
  15 swamp worms
  2 hydra simulacra (IceCv)
  14 water moccasins
  3 ice beasts
  A swamp drake (Swamp:4)
  25 orc warriors
  A black bear (D:5)
  11 ogres
  18 centaurs
  6 wolves
  A centaur (shapeshifter) (D:15)
  3 kobold brigands
  4 phantoms
  3 gnoll sergeants
  5 two-headed ogre simulacra (IceCv)
  3 scorpions
  17 bullfrogs
  2 cane toad simulacra (IceCv)
  6 wights
  2 troll zombies (D:11)
  20 killer bees
  2 elephant simulacra (IceCv)
  5 electric eels
  4 hounds
  5 jellies
  9 orc priests
  A gnoll bouda (D:6)
  3 iguanas
  17 orc wizards
  6 spriggan simulacra (IceCv)
  2 polar bear simulacra (IceCv)
  7 troll simulacra (IceCv)
  2 wolf simulacra (IceCv)
  4 ogre zombies (D:11)
  7 adders
  24 gnolls
  5 naga simulacra (IceCv)
  A shadow imp (D:5)
  7 white imps
  9 ufetubi
  2 worms
  3 dart slugs
  77 orcs
  2 ball pythons
  3 endoplasms
  8 giant cockroaches
  16 goblins
  6 hobgoblins
  8 jackals
  19 kobolds
  11 quokkas
  9 bats
  3 frilled lizards
  A goblin skeleton (D:11)
  2 hobgoblin skeletons (D:11)
  A hobgoblin zombie (D:11)
  2 orc skeletons (D:11)
  13 orc zombies (D:11)
  3 rats
  A briar patch (Swamp:2)
870 creatures vanquished.

Vanquished Creatures (collateral kills)
  The ghost of Mesmaeker13 the Skirmisher, a journeyman BaHu of Okawaru (Lair:3)
  A minotaur (Lair:3)
  A two-headed ogre (D:10)
  The ghost of diceflayer the Fighter, a novice DsGl of Yredelemnul (D:10)
  2 orc high priests (Orc:2)
  2 orc knights (Orc:2)
  A cyclops (D:10)
  A manticore (D:8)
  A cane toad (Lair:5)
  A gargoyle (D:8)
  4 blink frogs (Lair:5)
  A human (D:13)
  An ogre (D:7)
  A bullfrog (Lair:3)
  2 killer bees (D:8)
  An orc priest (Orc:2)
  An orc wizard (Orc:2)
23 creatures vanquished.

Vanquished Creatures (others)
  A thorn hunter (Swamp:2)
  A spriggan druid (Swamp:4)
  2 bloated husks
  A swamp worm (Swamp:2)
  10 briar patches
  2 bushes (Lair:5)
  8 foxfires
  32 fungi
  107 plants
164 creatures vanquished.

Grand Total: 1057 creatures vanquished

Notes
Turn   | Place    | Note
-------+----------+-------------------------------------------
     0 | D:1      | LLlMATKO the Minotaur Berserker began the quest for the
                  | Orb.
     0 | D:1      | Reached XP level 1. HP: 19/19 MP: 0/0
    86 | D:1      | Reached XP level 2. HP: 27/27 MP: 1/1
   510 | D:1      | Reached XP level 3. HP: 33/33 MP: 2/2
   591 | D:1      | Reached ** piety under Trog
   907 | D:2      | Found Toij Apn's Weapon Emporium.
   956 | D:2      | Found Cinis's Antique Armour Emporium.
   992 | D:2      | Found Oqats's General Store.
  1105 | D:2      | Found a faded altar of an unknown god.
  1188 | D:2      | Found Ceiggyl's Weapon Shop.
  1461 | D:2      | Reached XP level 4. HP: 33/41 MP: 3/3
  1752 | D:3      | Found a burning altar of Makhleb.
  1783 | D:3      | Found an ancient bone altar of Kikubaaqudgha.
  2330 | D:3      | Identified the +5 scale mail of Hopscotch {Str+3 Dex+4}
  2597 | D:4      | Noticed a scorpion
  2607 | D:4      | Killed a scorpion
  2608 | D:4      | Reached XP level 5. HP: 47/47 MP: 4/4
  2937 | D:4      | Reached skill level 5 in Fighting
  2994 | D:4      | Reached *** piety under Trog
  2997 | D:4      | Reached skill level 5 in Axes
  3206 | D:4      | Reached XP level 6. HP: 37/56 MP: 5/5
  3653 | D:5      | Entered Level 5 of the Dungeon
  3693 | D:5      | Reached skill level 5 in Armour
  3693 | D:5      | Reached XP level 7. HP: 62/62 MP: 6/6
  3963 | D:5      | Found Comecas's Distillery.
  4001 | D:5      | Reached skill level 5 in Dodging
  4058 | D:5      | Reached XP level 8. HP: 46/71 MP: 7/7
  4551 | D:6      | Reached **** piety under Trog
  4631 | D:6      | Identified the ring "Gorch" {Will+++ Int+6 Dex-4}
  4909 | D:6      | You fall into a shaft and drop 2 floors!
  4923 | D:7      | Found a transporter.
  4930 | D:7      | Found a transporter.
  4931 | D:7      | Noticed diceflayer's ghost (novice DsHu)
  4933 | D:7      | Identified the +8 dire flail of Tumult {flame, Int+3}
  4933 | D:7      | Noticed a two-headed ogre
  4973 | D:7      | Reached XP level 9. HP: 37/76 MP: 8/8
  5655 | D:6      | Found a glowing golden altar of the Shining One.
  5655 | D:6      | Found a shimmering altar of Xom.
  5855 | D:7      | Found a staircase to the Ecumenical Temple.
  6154 | D:7      | Found a hazy altar of Hepliaklqana.
  6155 | D:7      | Found a shadowy altar of Dithmenos.
  6231 | D:7      | Found a glowing silver altar of Zin.
  6549 | D:8      | Found an ancient bone altar of Kikubaaqudgha.
  6549 | D:8      | Found an opulent altar of Gozag.
  6550 | D:8      | Found a shimmering altar of Xom.
  6550 | D:8      | Found a bloodstained altar of Trog.
  6580 | D:8      | Found an opulent altar of Gozag.
  6700 | D:8      | Noticed a manticore
  6700 | D:8      | Noticed a centaur warrior
  6700 | D:8      | Noticed a gargoyle
  6701 | D:8      | Noticed a tengu conjurer
  6701 | D:8      | Noticed a centaur warrior
  6711 | D:8      | Killed a centaur warrior
  6712 | D:8      | Reached XP level 10. HP: 86/91 MP: 9/9
  6728 | D:8      | Killed a centaur warrior
  6729 | D:8      | Reached skill level 10 in Fighting
  6729 | D:8      | Reached skill level 10 in Axes
  6730 | D:8      | Killed a manticore
  6732 | D:8      | Killed a gargoyle
  6758 | D:8      | HP: 4/93 [poisoned by a killer bee]
  7091 | D:8      | Reached skill level 10 in Armour
  7151 | D:8      | Identified the staff of fire "Viefuas" {rF+ rN+ Str+3}
  7163 | D:8      | Identified the +0 ring mail of Cuw Ytti {Harm rN+ Regen+
                  | Dex-3}
  7482 | D:9      | Noticed a two-headed ogre
  7494 | D:9      | Killed a two-headed ogre
  7573 | D:9      | Noticed Maggie
  7579 | D:9      | Killed Maggie
  7691 | D:9      | Identified the ring of Spite {Ice rElec Str+5}
  7736 | D:9      | Found a shimmering blue altar of Sif Muna.
  7739 | D:9      | Found a blossoming altar of Fedhas.
  7795 | D:9      | Found a sacrificial altar of Ru.
  7890 | D:9      | Reached XP level 11. HP: 98/101 MP: 10/10
  8647 | D:10     | Entered Level 10 of the Dungeon
  8647 | D:10     | Noticed a two-headed ogre
  8647 | D:10     | Found a runed translucent gate.
  8651 | D:10     | Noticed diceflayer's ghost (novice DsGl)
  8655 | D:10     | Found a runed translucent gate.
  8655 | D:10     | Noticed a harpy
  8656 | D:10     | Found a runed translucent gate.
  8707 | D:10     | Reached skill level 1 in Shields
  8720 | D:10     | Reached ***** piety under Trog
  8721 | D:10     | Reached skill level 10 in Dodging
  9734 | D:11     | Received a gift from Trog
  9762 | D:11     | Noticed a two-headed ogre
  9786 | D:11     | Killed a two-headed ogre
  9832 | D:11     | Found a staircase to the Orcish Mines.
  9896 | D:11     | Found a staircase to the Lair.
 10559 | D:12     | Found Neenuywnu's Jewellery Emporium.
 10636 | D:12     | Reached skill level 5 in Shields
 10636 | D:12     | Reached XP level 12. HP: 112/112 MP: 11/11
 10741 | D:12     | Found Fiddat's Book Emporium.
 10754 | D:12     | Found Evvomiedd's Armour Shop.
 11385 | D:13     | Noticed a centaur warrior
 11386 | D:13     | Noticed a two-headed ogre
 11397 | D:13     | Killed a two-headed ogre
 11401 | D:13     | Killed a centaur warrior
 11406 | D:13     | Noticed a centaur warrior
 11481 | D:13     | Killed a centaur warrior
 11561 | Lair:1   | Entered Level 1 of the Lair of Beasts
 11607 | Lair:1   | Noticed a catoblepas
 11611 | Lair:1   | Noticed Fannar
 11626 | Lair:1   | Killed a catoblepas
 11632 | Lair:1   | Killed Fannar
 12014 | Lair:1   | Noticed a catoblepas
 12028 | Lair:1   | Killed a catoblepas
 12436 | Lair:2   | Found a hole to the Spider Nest.
 12557 | Lair:2   | Noticed an eight-headed hydra
 12559 | Lair:2   | Noticed an eight-headed hydra
 12560 | Lair:2   | Reached XP level 13. HP: 122/122 MP: 12/12
 12674 | Lair:2   | Reached ****** piety under Trog
 13413 | Lair:3   | Received a gift from Trog
 13583 | Lair:3   | Noticed a minotaur
 13584 | Lair:3   | Noticed Mesmaeker13's ghost (journeyman BaHu)
 13638 | Lair:3   | Identified the staff of death "Veifu" {rPois rF+ rN+ rCorr
                  | Int+2}
 13657 | Lair:3   | Found a runed translucent gate.
 13657 | Lair:3   | Found a runed translucent gate.
 13657 | Lair:3   | Found a runed translucent gate.
 14110 | Lair:3   | Found a staircase to the Swamp.
 14513 | D:10     | Killed diceflayer's ghost
 14647 | D:7      | Killed diceflayer's ghost
 14861 | Lair:3   | Killed Mesmaeker13's ghost
 14865 | Lair:3   | Killed a minotaur
 15417 | Lair:4   | Found a staircase to the Slime Pits.
 15417 | Lair:4   | Found a viscous altar of Jiyva.
 15576 | Lair:4   | Reached XP level 14. HP: 130/133 MP: 10/13
 15881 | Lair:4   | Reached skill level 10 in Shields
 16398 | Lair:5   | Entered Level 5 of the Lair of Beasts
 16531 | Lair:5   | Found a frozen archway.
 16547 | IceCv    | Entered an ice cave
 17059 | IceCv    | Identified the staff of death "Dadghur" {rPois rN+}
 17494 | IceCv    | Noticed a reaper
 17504 | IceCv    | Killed a reaper
 18102 | Lair:5   | Reached skill level 15 in Axes
 18553 | Lair:5   | Reached skill level 15 in Fighting
 18832 | Lair:5   | Received a gift from Trog
 18835 | Lair:5   | HP: 2/135 [blink frog (7)]
 19130 | Lair:5   | Identified the +5 long sword "Peibrapt" {speed, rF+ rN+
                  | Dex+6}
 19154 | Lair:5   | Reached skill level 15 in Armour
 21014 | D:13     | Reached XP level 15. HP: 126/141 MP: 12/14
 21137 | D:13     | Noticed Frances
 21150 | D:13     | Killed Frances
 21530 | D:13     | Noticed Jorgrun
 21544 | D:13     | Killed Jorgrun
 21703 | D:13     | Found a gate to the Vaults.
 21905 | Orc:1    | Entered Level 1 of the Orcish Mines
 22192 | Orc:2    | Entered Level 2 of the Orcish Mines
 22201 | Orc:2    | Found a staircase to the Elven Halls.
 22221 | Orc:2    | Received a gift from Trog
 23346 | Orc:2    | Found Bosydghi's Antique Weapon Shoppe.
 23782 | Orc:2    | Found Ohareuty's Assorted Antiques.
 23782 | Orc:2    | Found Saozel's Assorted Antiques.
 23784 | Orc:2    | Found Iruuhu's Assorted Antiques.
 23784 | Orc:2    | Found Joass's Jewellery Boutique.
 25052 | D:14     | Noticed Nessos
 25085 | D:14     | Killed Nessos
 25088 | D:14     | HP: 6/144 [poisoned by Nessos]
 26239 | D:15     | Entered Level 15 of the Dungeon
 26383 | D:15     | Reached skill level 15 in Dodging
 26528 | D:15     | Received a gift from Trog
 27340 | D:15     | Reached XP level 16. HP: 107/152 MP: 10/15
 27497 | D:15     | Found a staircase to the Depths.
 27880 | Swamp:1  | Entered Level 1 of the Swamp
 30015 | Swamp:2  | Noticed a thorn hunter
 30039 | Swamp:2  | Killed a thorn hunter
 32585 | Swamp:3  | Noticed a thorn hunter
 32609 | Swamp:3  | Killed a thorn hunter
 33256 | Swamp:4  | Entered Level 4 of the Swamp
 34067 | Swamp:4  | HP: 10/232 [poisoned by a swamp dragon (blast of poison)]
 34067 | Swamp:4  | HP: 3/232 [swamp dragon (2)]
 34068 | Swamp:4  | Succumbed to a swamp dragon's poison gas

Illustrated notes

Levels and vault maps discovered:
D:1:      ncdulo_wetmaze, layout_basic, grunt_decor_junction
D:2:      cheibrodos_greedy_goblins, layout_basic, serial_shops, shop, shop,
          shop, shop, hellmonk_ecumenical_altar_slurped_away,
          hangedman_decor_growths
D:3:      layout_basic, lemuel_crystal_altar, mainiacjoe_overflow_paths,
          kennysheep_potato
D:4:      layout_basic, serial_aquarium, aquarium_bridge_square
          [aquarium_subvault_bridge, aquarium_subvault_wall,
          aquarium_subvault_balcony, aquarium_subvault_bridge],
          aquarium_window_1, aquarium_window_fake, aquarium_window_corner,
          aquarium_window_1, aquarium_view_2d, aquarium_view_2b, dk_vineyard_1,
          minmay_large_rounded_square, hangedman_decor_riveting, minmay_ruptured
D:5:      layout_cave_pools, serial_shops, shop, kennysheep_generic_room_4
D:6:      layout_basic, gammafunk_temple_overflow_elements
D:7:      layout_rooms, riverfiend_overflow_shadow_ancestor, lemuel_tele_altar,
          minmay_temple_entry_stoned_glass, gammafunk_ghost_smash
D:8:      minmay_the_grid_octo_tiled_octocenter [minmay_the_grid_octo_shrine,
          minmay_the_grid_octo_empty, minmay_the_grid_octo_tetromino_candy,
          minmay_the_grid_octo_checkerflower,
          minmay_the_grid_octo_prize_square_snowflake,
          minmay_the_grid_square_5x5_seven,
          minmay_the_grid_square_5x5_beaten_path,
          minmay_the_grid_square_5x5_comb,
          minmay_the_grid_square_5x5_spiral_small], layout_rooms,
          grunt_gozag_breadcrumbs
D:9:      layout_loops_corners, nicolae_ru_the_path_less_chosen,
          mainiacjoe_overflow_divided_tiny, chequers_big_river, uniq_maggie
D:10:     layout_roguey [special_room_orc], gammafunk_ghost_split
D:11:     layout_loops_ring, lair_entry_dummy, zombieorc1_lemuel,
          minmay_misc_feat_alley
D:12:     layout_grid_maze, serial_shops, nicolae_take_the_stairs,
          nicolae_shop_waterfront, nicolae_stop_n_shop_2
D:13:     layout_loops_cross, ximxim_vaults_locker_room, uniq_jorgrun,
          uniq_frances
D:14:     layout_basic, minivault_25, uniq_nessos
D:15:     gammafunk_enter_depths_forms, layout_long_grid, grunt_decor_clamped
Lair:1:   layout_regular_city, cheibrodos_lair_lostbears, uniq_fannar
Lair:2:   layout_chaotic_city, hellmonk_spider_entry_not_the_bees,
          hangedman_lair_generics_rect
Lair:3:   layout_gridlike, minmay_swamp_entry_worms,
          maelrawn_ghost_gauntlet_escape
Lair:4:   layout_roguey, minmay_slime_entry_pillars, lemuel_fruit_tree
Lair:5:   minmay_lair_end_frog_pond, layout_cave_pods, portal_ice_cave_rime
Swamp:1:  layout_basic_swamp, nicolae_swamp_bean_lake, infiniplex_staircase_pool
Swamp:2:  nicolae_swamp_wrong_neighborhood, layout_basic_swamp,
          evilmike_swamp_ruin_wall
Swamp:3:  layout_falls_marsh, nicolae_swamp_tree_isthmus, swamp_pool4
Swamp:4:  swamp_basic_johnstein, layout_basic_swamp
Orc:1:    layout_caves, nicolae_orc_rockfall
Orc:2:    grunt_orc_tribal_feast, layout_diamond_mine, serial_shops, shop

Skill      XL: |  1  2  3  4  5  6  7  8  9 10 11 12 13 14 15 16 |
---------------+-------------------------------------------------+-----
Axes           | 4 5 6 7 9 10 12 13 14 15 16 17 | 17.5
Fighting       | 4 5 6 7 9 10 12 13 14 15 16 17 | 17.5
Armour         | 3 4 5 6 7 9 10 11 12 14 15 16 17 | 17.3
Dodging        | 3 4 5 6 8 9 10 11 13 14 15 16 | 16.0
Shields        | 5 7 9 11 13 14 | 14.2

Action                     |  1- 3 |  4- 6 |  7- 9 | 10-12 | 13-15 | 16-18 || total
---------------------------+-------+-------+-------+-------+-------+-------++-------
  Melee: Hand axe          |   103 |   100 |   195 |   264 |       |       ||   662
         Headbutt          |     9 |    16 |    37 |   119 |   304 |   113 ||   598
         Punch             |     1 |       |     3 |     1 |       |       ||     5
         War axe           |       |       |       |   351 |  1277 |   351 ||  1979
         Broad axe         |       |       |       |       |       |   169 ||   169
  Throw: Throwing net      |       |       |       |       |     3 |     1 ||     4
 Invoke: Berserk           |       |     2 |     5 |     6 |    20 |    20 ||    53
         Brothers in Arms  |       |       |     1 |       |     7 |     1 ||     9
         Trog's Hand       |       |       |     1 |       |     7 |     2 ||    10
  Evoke: Wand              |       |       |       |       |     3 |       ||     3
    Use: Scroll            |       |       |       |       |    31 |     2 ||    33
         Potion            |       |       |       |       |     2 |       ||     2
   Stab: Sleeping          |     1 |       |       |       |       |       ||     1
 Armour: Animal skin       |    23 |       |       |       |       |       ||    23
         Scale mail        |    11 |    50 |   120 |    62 |       |       ||   243
         Plate armour      |       |       |       |   317 |   578 |   218 ||  1113
  Dodge: Dodged            |    66 |    62 |   167 |   247 |   392 |   170 ||  1104
  Block: Buckler           |       |       |       |    68 |    90 |       ||   158
         Tower shield      |       |       |       |       |   593 |   360 ||   953
